[Event "Titled Tuesday Blitz April 26 Early 2022"]
[White "Padmini, Rout"]
[Black "Vakhlamov, Igor L."]
[WhiteFideId "5029295"]
[BlackFideId "24126748"]
[WhiteElo "2528"]
[BlackElo "2779"]
[Result "0-1"]
[Round "06"]
[TimeControl "180+1"]
[Date "2022.04.26"]
[WhiteClock "0:00:49"]
[BlackClock "0:01:51"]

1. Nf3 Nf6 2. g3 g6 3. Bg2 Bg7 4. O-O O-O 5. d4 c5 6. c3 b6 7. dxc5 bxc5 8. Be3 Na6 9. Nbd2 Rb8 10. Nb3 d6 11. h3 Be6 12. Qd2 Nc7 13. Bh6 Bxb3 14. axb3 Rxb3 15. Bxg7 Kxg7 16. Rxa7 Qb8 17. Ra2 Qb5 18. Rfa1 Rb8 19. Rb1 Ncd5 20. Rba1 Rxb2 21. Rxb2 Qxb2 22. Qd3 Qxa1+ 0-1


[Site "https://www.chess.com"]

[Event "Titled Tuesday Blitz April 26 Early 2022"]
[White "Palacio,Igor Da Paz"]
[Black "Ezat, Mohamed"]
[WhiteFideId "2121140"]
[BlackFideId "10600906"]
[WhiteElo "2144"]
[BlackElo "2386"]
[Result "0-1"]
[Round "06"]
[TimeControl "180+1"]
[Date "2022.04.26"]
[WhiteClock "0:00:01"]
[BlackClock "0:00:53"]

1. e4 d5 2. Nc3 d4 3. Nce2 c5 4. d3 Nc6 5. g3 e5 6. Bh3 h5 7. Bxc8 Rxc8 8. Nf3 Be7 9. h4 Nf6 10. Nd2 Ng4 11. a4 g5 12. hxg5 Bxg5 13. Nc4 Bxc1 14. Nxc1 Qf6 15. f3 Ne3 16. Nxe3 dxe3 17. c3 Nd8 18. Qe2 Qg5 19. g4 Ne6 20. Rxh5 Rxh5 21. gxh5 Nf4 22. Qh2 c4 23. d4 exd4 24. cxd4 c3 25. bxc3 Rxc3 26. Ne2 Rc2 27. Qxf4 Rxe2+ 28. Kxe2 Qxf4 29. Rh1 Qg3 30. Kxe3 Qg2 31. Rh4 Qg5+ 32. Rf4 Qxh5 33. e5 Qh2 0-1


[Site "https://www.chess.com"]

[Event "Titled Tuesday Blitz April 26 Early 2022"]
[White "Papasimakopoulos, Alexandros"]
[Black "Kozak, Adam"]
[WhiteFideId "4244125"]
[BlackFideId "753246"]
[WhiteElo "2340"]
[BlackElo "2459"]
[Result "1-0"]
[Round "06"]
[TimeControl "180+1"]
[Date "2022.04.26"]
[WhiteClock "0:00:10"]
[BlackClock "0:00:01"]

1. d4 e6 2. c4 Nf6 3. Nc3 d5 4. cxd5 Nxd5 5. e4 Nxc3 6. bxc3 c5 7. Rb1 cxd4 8. cxd4 b6 9. Nf3 Nd7 10. Bb5 Bd6 11. e5 Be7 12. d5 Bc5 13. dxe6 fxe6 14. Qb3 Qe7 15. Bg5 Qf7 16. Bc6 Rb8 17. O-O O-O 18. Rbd1 Rb7 19. Bxb7 Bxb7 20. Nd4 Bd5 21. Qg3 Bxa2 22. Be3 Bd5 23. Nb5 a5 24. Nc3 Bb3 25. Bxc5 Nxc5 26. Rd6 Qc7 27. Qg4 a4 28. Qd4 h6 29. h3 Qb7 30. Qb4 Rb8 31. Ra1 Kh8 32. Ra3 Qc7 33. Ra1 Qb7 34. Qg4 Qf7 35. Re1 Rf8 36. Qg3 a3 37. Rxb6 Qc7 38. Rd6 Qa5 39. Ra1 a2 40. Rc6 Qb4 41. Kh2 Na4 42. Nxa2 Qd4 43. Qxb3 Qf4+ 44. Qg3 Qd4 45. Rac1 1-0


[Site "https://www.chess.com"]

[Event "Titled Tuesday Blitz April 26 Early 2022"]
[White "Paravyan, David"]
[Black "Oganian, Miran"]
[WhiteFideId "4194985"]
[BlackFideId "4122488"]
[WhiteElo "2569"]
[BlackElo "2357"]
[Result "1-0"]
[Round "06"]
[TimeControl "180+1"]
[Date "2022.04.26"]
[WhiteClock "0:00:32"]
[BlackClock "0:00:29"]

1. e4 e6 2. d4 d5 3. Nc3 Bb4 4. e5 c5 5. a3 Bxc3+ 6. bxc3 Ne7 7. Qg4 Qc7 8. Qxg7 Rg8 9. Qxh7 cxd4 10. Rb1 Nbc6 11. Nf3 dxc3 12. Bf4 Bd7 13. Qd3 d4 14. Nxd4 Nxd4 15. Qxd4 Nd5 16. Bg3 Bc6 17. Be2 b6 18. O-O O-O-O 19. Bf3 Kb8 20. a4 Bb7 21. a5 bxa5 22. Rb5 Ka8 23. Ra1 Nb4 24. Rxb7 Qxb7 25. Bxb7+ Kxb7 26. Qxc3 Rd5 27. h3 Rc8 28. Qf3 Rxc2 29. Qxf7+ Rc7 30. Qxe6 Rb5 31. Qe8 Rb6 32. e6 Rcc6 33. Qd7+ Ka6 34. e7 Nc2 35. Rxa5+ Kxa5 36. Qxa7+ Ra6 37. Qxa6+ 1-0


[Site "https://www.chess.com"]

[Event "Titled Tuesday Blitz April 26 Early 2022"]
[White "Petrova, Irina"]
[Black "Belozerov, Andrei"]
[WhiteFideId "14124122"]
[BlackFideId "4120213"]
[WhiteElo "2307"]
[BlackElo "2614"]
[Result "0-1"]
[Round "06"]
[TimeControl "180+1"]
[Date "2022.04.26"]
[WhiteClock "0:00:18"]
[BlackClock "0:00:42"]

1. e4 c6 2. d4 d5 3. e5 Bf5 4. h4 h5 5. c4 e6 6. Nc3 Bb4 7. Bd3 Ne7 8. Bg5 dxc4 9. Bxc4 Nd7 10. Ne2 Nb6 11. Bd3 Bxd3 12. Qxd3 Qd7 13. a3 Bxc3+ 14. bxc3 Nf5 15. O-O Qd5 16. Ng3 Qc4 17. Qf3 Nd5 18. Nxf5 exf5 19. Qxf5 Nxc3 20. Rfe1 Qe6 21. Qf3 Nd5 22. Rab1 b6 23. Rec1 Kd7 24. Rc2 Rac8 25. Rbc1 f6 26. exf6 gxf6 27. Re2 Qg4 28. Bd2 Qxf3 29. gxf3 Rhg8+ 30. Kh2 Rce8 31. Rce1 Rxe2 32. Rxe2 Re8 33. Rxe8 Kxe8 34. Kg3 Kd7 35. f4 Ke6 36. Kf3 Kf5 37. Be3 a5 38. Bd2 a4 39. Be3 b5 40. Bd2 Ne7 41. Bc1 Ng6 42. Kg3 Ke4 43. f3+ Kf5 44. Bd2 Ke6 45. Bc1 Ne7 46. Kf2 Nf5 47. Ke2 Nxh4 48. Kd3 Kd5 49. f5 Nxf5 0-1


[Site "https://www.chess.com"]

[Event "Titled Tuesday Blitz April 26 Early 2022"]
[White "Piesik, Piotr"]
[Black "D`Arruda, Ricardo D."]
[WhiteFideId "1136194"]
[BlackFideId "100692"]
[WhiteElo "2190"]
[BlackElo "2421"]
[Result "1-0"]
[Round "06"]
[TimeControl "180+1"]
[Date "2022.04.26"]
[WhiteClock "0:01:08"]
[BlackClock "0:00:37"]

1. Nf3 d5 2. g3 Nf6 3. Bg2 g6 4. O-O Bg7 5. d4 O-O 6. c4 c6 7. Nc3 Ne4 8. Qb3 Nxc3 9. bxc3 Qb6 10. cxd5 Qxb3 11. axb3 cxd5 12. Nd2 e6 13. e4 dxe4 14. Nxe4 Nc6 15. Bg5 f6 16. Bf4 e5 17. dxe5 fxe5 18. Be3 Rd8 19. b4 Bf5 20. b5 Ne7 21. Bxa7 Nd5 22. c4 Nb4 23. Bc5 Nd3 24. Bb6 Rxa1 25. Rxa1 Rb8 26. c5 Bf8 27. Bc7 Rc8 28. b6 Bxe4 29. Bxe4 Nxc5 30. Bd5+ Kh8 31. Bxe5+ Bg7 32. Bxg7+ Kxg7 33. Rc1 Kf6 34. Bxb7 Rb8 35. Rxc5 Rxb7 36. Rc7 Rxb6 37. Rxh7 Rb1+ 38. Kg2 g5 39. h4 g4 40. Rh5 Rb4 41. Rc5 Kg6 42. Rc8 Kh6 43. Rf8 Kh5 44. Rf5+ Kh6 45. Rf4 Rxf4 46. gxf4 Kg6 47. Kg3 Kh5 48. f5 1-0


[Site "https://www.chess.com"]

[Event "Titled Tuesday Blitz April 26 Early 2022"]
[White "Pinheiro, Iung Alicio de O."]
[Black "De Souza, Cristiano Gomes"]
[WhiteFideId "2104350"]
[BlackFideId "2151758"]
[WhiteElo "2450"]
[BlackElo "2068"]
[Result "0-1"]
[Round "06"]
[TimeControl "180+1"]
[Date "2022.04.26"]
[WhiteClock "0:00:08"]
[BlackClock "0:00:10"]

1. c4 Nf6 2. g3 g6 3. Bg2 Bg7 4. Nc3 O-O 5. d3 d6 6. Bg5 h6 7. Bd2 e5 8. e4 Nc6 9. Nge2 Bg4 10. f3 Be6 11. Qc1 Qd7 12. Bxh6 Bh3 13. O-O Bxg2 14. Kxg2 Nd4 15. Nxd4 exd4 16. Ne2 c5 17. Qg5 Nh7 18. Qd2 f6 19. b4 g5 20. Bxg7 Kxg7 21. bxc5 dxc5 22. f4 b6 23. f5 Qd6 24. a4 Rh8 25. g4 Nf8 26. Ng3 Nd7 27. Nh5+ Kf7 28. h3 Ne5 29. a5 Qc6 30. Rfb1 Rhb8 31. Rb5 a6 32. Rxb6 Rxb6 33. axb6 Qxb6 34. Ra3 Rb8 35. Kg3 Qb1 36. Nxf6 Rb2 37. Qxg5 Qe1+ 38. Kf4 Qe3+ 39. Kxe5 Qxg5 40. Nd5 Rb7 41. Rxa6 Qh4 42. Rf6+ Kg7 43. Rg6+ Kf8 44. Nf6 Qg3+ 45. Kd5 Qxd3 46. e5 Qf3+ 47. Kxc5 Rc7+ 48. Kxd4 Qf2+ 49. Kd5 Qc5+ 50. Ke4 Qxc4+ 51. Kf3 Rb7 52. Rg8+ Kf7 53. Rd8 Rb3+ 54. Kf2 Qc2+ 55. Ke1 Rb1+ 56. Rd1 Rxd1# 0-1


[Site "https://www.chess.com"]

[Event "Titled Tuesday Blitz April 26 Early 2022"]
[White "Popadic, Dragan"]
[Black "Lewicki, Miroslaw"]
[WhiteFideId "913650"]
[BlackFideId "1113380"]
[WhiteElo "2203"]
[BlackElo "2283"]
[Result "1-0"]
[Round "06"]
[TimeControl "180+1"]
[Date "2022.04.26"]
[WhiteClock "0:01:46"]
[BlackClock "0:00:21"]

1. e4 f6 2. d4 g6 3. Bd3 e5 4. dxe5 fxe5 5. h4 Nf6 6. h5 Bg7 7. hxg6 hxg6 8. Rxh8+ Bxh8 9. Bg5 d6 10. Nc3 Nc6 11. Qd2 Be6 12. O-O-O Qd7 13. Nf3 O-O-O 14. Rh1 Bg7 15. Nd5 Rf8 16. Bb5 Nxe4 17. Bxc6 bxc6 18. Ne7+ Kb7 19. Qb4+ Ka8 20. Qa4 Nc5 21. Qxc6+ Qxc6 22. Nxc6 Bd5 23. Nb4 1-0


[Site "https://www.chess.com"]

[Event "Titled Tuesday Blitz April 26 Early 2022"]
[White "Prieto Aranguren, Alain"]
[Black "Melaugh, Shane"]
[WhiteFideId "2268906"]
[BlackFideId "2509580"]
[WhiteElo "2235"]
[BlackElo "1972"]
[Result "1-0"]
[Round "06"]
[TimeControl "180+1"]
[Date "2022.04.26"]
[WhiteClock "0:00:12"]
[BlackClock "0:00:13"]

1. d4 e6 2. e4 d5 3. exd5 exd5 4. Bd3 Bd6 5. Nf3 c6 6. O-O Ne7 7. c3 Bg4 8. Re1 Bc7 9. Bg5 f6 10. Bh4 O-O 11. Nbd2 Ng6 12. Bg3 Nf4 13. Bf1 Nd7 14. Qb3 Nb6 15. Re3 Qd7 16. Rae1 Rae8 17. a4 Rxe3 18. fxe3 Ne6 19. Bxc7 Qxc7 20. e4 Nf4 21. a5 Nd7 22. g3 Nh3+ 23. Bxh3 Bxh3 24. exd5 Kh8 25. dxc6 bxc6 26. Re7 Qxa5 27. Qb7 c5 28. Rxd7 Qa1+ 29. Kf2 Qh1 30. Rxg7 Qg2+ 31. Ke3 cxd4+ 32. cxd4 Bf5 33. Qe7 Rc8 34. Qxf6 Qh3 35. Rg6# 1-0


[Site "https://www.chess.com"]

[Event "Titled Tuesday Blitz April 26 Early 2022"]
[White "Prohorov, Olexandr"]
[Black "Jakubowski, Krzysztof"]
[WhiteFideId "14105578"]
[BlackFideId "1112848"]
[WhiteElo "1993"]
[BlackElo "2365"]
[Result "0-1"]
[Round "06"]
[TimeControl "180+1"]
[Date "2022.04.26"]
[WhiteClock "0:00:07"]
[BlackClock "0:00:09"]

1. d4 Nf6 2. c4 e6 3. Nc3 Bb4 4. f3 c5 5. d5 O-O 6. e4 b5 7. Nh3 bxc4 8. Bxc4 exd5 9. Bxd5 Nxd5 10. Qxd5 Nc6 11. O-O Ba6 12. Rd1 Nd4 13. Bg5 Qa5 14. Kh1 h6 15. Bd2 Qc7 16. a3 Ba5 17. Rac1 d6 18. Qa2 Qd7 19. Be3 Nxf3 20. Bxc5 Bc7 21. Nd5 Bb8 22. Bb4 Be2 23. Qb3 Bxd1 24. Rxd1 Ne5 25. Nhf4 a5 26. Bc3 Qg4 27. h3 Qh4 28. Qb7 Ra7 29. Qb5 Ng4 30. Rf1 Nf2+ 31. Kg1 Nxe4 32. Bd4 Ng5 33. Bxa7 Bxa7+ 34. Kh1 Ne4 35. Kh2 Qg3+ 36. Kh1 Nf2+ 37. Kg1 Nxh3+ 38. Kh1 Nf2+ 39. Kg1 Ng4+ 40. Kh1 Qh2# 0-1


[Site "https://www.chess.com"]

[Event "Titled Tuesday Blitz April 26 Early 2022"]
[White "Przybylski, Wojciech"]
[Black "Sovetbekova, Nurai"]
[WhiteFideId "1117599"]
[BlackFideId "13801910"]
[WhiteElo "2133"]
[BlackElo "1538"]
[Result "0-1"]
[Round "06"]
[TimeControl "180+1"]
[Date "2022.04.26"]
[WhiteClock "0:00:11"]
[BlackClock "0:00:09"]

1. d4 Nf6 2. c4 g6 3. Nc3 d5 4. Nf3 Bg7 5. Qb3 dxc4 6. Qxc4 O-O 7. e4 a6 8. Be2 b5 9. Qb3 c5 10. e5 Be6 11. exf6 Bxb3 12. fxg7 Kxg7 13. axb3 cxd4 14. Ne4 Qd5 15. Ng3 Nc6 16. O-O e5 17. Nd2 f5 18. Rd1 Rfd8 19. h4 d3 20. Bf3 e4 21. Ndxe4 fxe4 22. Bxe4 Qxb3 23. Bg5 Nb4 24. h5 Rac8 25. h6+ Kg8 26. Rac1 Rxc1 27. Rxc1 d2 28. Bxd2 Rxd2 29. Rc8+ Kf7 30. Rc7+ Kf6 31. Rxh7 Rd1+ 32. Kh2 Qxb2 33. Rh8 Kg5 34. h7 Qxh8 35. f4+ Kxf4 36. Bf3 Qxh7+ 37. Nh5+ gxh5 38. Bxd1 Qc7 39. Be2 Ke3+ 40. Kh3 Kxe2 41. Kh4 Qg7 42. Kxh5 Qxg2 43. Kh6 a5 44. Kh7 a4 45. Kh8 a3 46. Kh7 a2 47. Kh6 a1=Q 48. Kh7 Qag7# 0-1


[Site "https://www.chess.com"]

[Event "Titled Tuesday Blitz April 26 Early 2022"]
[White "Riehle, Marco"]
[Black "Molina, Roberto Junio Brito"]
[WhiteFideId "12904392"]
[BlackFideId "2109450"]
[WhiteElo "2551"]
[BlackElo "2824"]
[Result "1-0"]
[Round "06"]
[TimeControl "180+1"]
[Date "2022.04.26"]
[WhiteClock "0:00:49"]
[BlackClock "0:00:19"]

1. e4 c6 2. c4 d5 3. cxd5 cxd5 4. exd5 Nf6 5. Nc3 Nxd5 6. Nf3 e6 7. d4 Be7 8. Bd3 O-O 9. O-O Nc6 10. Re1 Nf6 11. Bg5 b6 12. Ne5 Nxd4 13. Qa4 Qd6 14. Rad1 Qb4 15. Bxf6 gxf6 16. Nc6 Nxc6 17. Qxc6 Rb8 18. Qc7 Bd6 19. Bxh7+ Kxh7 20. Rxd6 Rb7 21. Qc6 Qc5 22. Qe4+ Kg7 23. Rd3 f5 24. Rg3+ Kf6 25. Qh4# 1-0


[Site "https://www.chess.com"]

[Event "Titled Tuesday Blitz April 26 Early 2022"]
[White "Ronka, Erik"]
[Black "Mikhnenko, Alexander"]
[WhiteFideId "505080"]
[BlackFideId "34143014"]
[WhiteElo "2264"]
[BlackElo "2117"]
[Result "1-0"]
[Round "06"]
[TimeControl "180+1"]
[Date "2022.04.26"]
[WhiteClock "0:00:40"]
[BlackClock "0:00:03"]

1. d4 Nf6 2. Nf3 d6 3. g3 g6 4. Bg2 Bg7 5. O-O O-O 6. b3 Nbd7 7. Bb2 e5 8. dxe5 Ng4 9. Qc1 Ngxe5 10. c4 a5 11. Nc3 Re8 12. Qd2 Nc5 13. Rfd1 a4 14. Nd4 axb3 15. axb3 Rxa1 16. Bxa1 c6 17. Qc2 Qb6 18. e3 Bf5 19. Nxf5 gxf5 20. Rb1 Ra8 21. Na4 Nxa4 22. bxa4 Qa6 23. Qxf5 Qxa4 24. h4 Qxc4 25. Be4 Nf3+ 26. Bxf3 Bxa1 27. Be4 b5 28. Qxh7+ Kf8 29. Kg2 Bg7 30. h5 d5 31. Bd3 Qc3 32. h6 Bf6 33. Qf5 Ke7 34. h7 Qe5 35. Qf3 Rb8 36. Rc1 Kd6 37. Qe2 b4 38. Qc2 Qc3 39. Qb1 Qe5 40. Qb3 c5 41. Rd1 Ke7 42. Be2 c4 43. Qa4 Qe6 44. Bf3 Rd8 45. Qxb4+ Qd6 46. Qb7+ Rd7 47. Qb5 c3 48. Rxd5 Qxd5 49. Bxd5 c2 50. Qc5+ Ke8 51. Be4 Bb2 52. Qxc2 1-0


[Site "https://www.chess.com"]

[Event "Titled Tuesday Blitz April 26 Early 2022"]
[White "Rosenberg, Evan S"]
[Black "Noboa Silva, Kevin"]
[WhiteFideId "2019299"]
[BlackFideId "3618471"]
[WhiteElo "2360"]
[BlackElo "2172"]
[Result "0-1"]
[Round "06"]
[TimeControl "180+1"]
[Date "2022.04.26"]
[WhiteClock "0:00:01"]
[BlackClock "0:00:41"]

1. Nf3 Nf6 2. c4 c5 3. Nc3 b6 4. g3 Bb7 5. Bg2 e6 6. O-O a6 7. d4 cxd4 8. Qxd4 d6 9. Bg5 Nbd7 10. Rfd1 Be7 11. Bxf6 Nxf6 12. Qf4 O-O 13. b3 Qc7 14. Rac1 Rac8 15. h4 Rfd8 16. Ng5 Bxg2 17. Kxg2 Qb7+ 18. Kg1 b5 19. cxb5 axb5 20. Nce4 Rxc1 21. Rxc1 h6 22. Nxf6+ Bxf6 23. Ne4 Be7 24. Qf3 d5 25. Nc5 Qa7 26. Nd3 Qxa2 27. Rc7 Qa1+ 28. Kg2 Qf6 29. Qxf6 Bxf6 30. Rb7 e5 31. Rxb5 e4 32. Nf4 d4 33. Nd5 d3 34. exd3 exd3 35. Ne3 d2 36. Nd1 Rd3 37. Kf1 g5 38. hxg5 Bxg5 39. Ke2 Rd6 40. f4 Bf6 41. Rb8+ Kg7 42. Re8 h5 43. Re3 Kg6 44. Rd3 Rxd3 45. Kxd3 Kf5 46. Kxd2 Kg4 47. Nf2+ Kf3 48. Nd3 Kxg3 49. b4 h4 50. Ke2 h3 51. Nf2 h2 52. b5 Bd4 0-1


[Site "https://www.chess.com"]

[Event "Titled Tuesday Blitz April 26 Early 2022"]
[White "Rozman, Levy"]
[Black "Guliev, Logman"]
[WhiteFideId "2039877"]
[BlackFideId "13400061"]
[WhiteElo "2760"]
[BlackElo "2485"]
[Result "1-0"]
[Round "06"]
[TimeControl "180+1"]
[Date "2022.04.26"]
[WhiteClock "0:01:11"]
[BlackClock "0:00:14"]

1. d4 Nf6 2. Bg5 g6 3. Nc3 Bg7 4. e4 d6 5. Qe2 c5 6. dxc5 Qa5 7. Qb5+ Qxb5 8. Bxb5+ Bd7 9. cxd6 exd6 10. O-O-O Ng4 11. Nh3 Bxc3 12. Bxd7+ Nxd7 13. bxc3 Rc8 14. Rxd6 Nb6 15. f3 Nc4 16. Rd4 Nge5 17. Nf4 O-O 18. Nd5 Ra8 19. Bf6 h5 20. f4 1-0


[Site "https://www.chess.com"]

[Event "Titled Tuesday Blitz April 26 Early 2022"]
[White "Saim, Mohamed Ilias"]
[Black "Van den Dikkenberg, Erik"]
[WhiteFideId "7900465"]
[BlackFideId "1005880"]
[WhiteElo "2006"]
[BlackElo "2118"]
[Result "0-1"]
[Round "06"]
[TimeControl "180+1"]
[Date "2022.04.26"]
[WhiteClock "0:00:02"]
[BlackClock "0:00:26"]

1. d4 Nf6 2. Nf3 g6 3. e3 Bg7 4. Be2 O-O 5. c4 c5 6. d5 d6 7. Nc3 Qa5 8. Bd2 a6 9. O-O Bg4 10. h3 Bxf3 11. Bxf3 Nbd7 12. Be2 Qc7 13. f4 Rfe8 14. e4 e6 15. Rc1 exd5 16. exd5 Re7 17. g4 Rae8 18. g5 Ne4 19. Nxe4 Rxe4 20. Bd3 Bd4+ 21. Kg2 R4e7 22. Bc3 Bxc3 23. Rxc3 Qa5 24. a3 b5 25. h4 bxc4 26. Bxc4 Nb6 27. h5 Nxc4 28. Rxc4 Re2+ 29. Rf2 Rxf2+ 30. Kxf2 gxh5 31. Rc3 Qb5 32. b3 Qb6 33. Rc4 h4 34. Kg2 Qb7 35. Kh3 Qe7 36. Kxh4 h6 37. Kg4 hxg5 38. fxg5 Qd7+ 39. Kg3 Re5 0-1


[Site "https://www.chess.com"]

[Event "Titled Tuesday Blitz April 26 Early 2022"]
[White "Salimova, Nurgyul"]
[Black "Stromboli, Ettore"]
[WhiteFideId "2915138"]
[BlackFideId "813761"]
[WhiteElo "2643"]
[BlackElo "2442"]
[Result "1-0"]
[Round "06"]
[TimeControl "180+1"]
[Date "2022.04.26"]
[WhiteClock "0:00:11"]
[BlackClock "0:00:06"]

1. d4 Nf6 2. c4 e6 3. Nf3 b6 4. g3 Bb7 5. Bg2 Be7 6. O-O O-O 7. Re1 Ne4 8. Nfd2 Nd6 9. e4 Qc8 10. Nc3 f5 11. e5 Nf7 12. d5 Na6 13. Nf3 Nd8 14. Bf4 Nc5 15. h4 d6 16. exd6 Bxd6 17. Bxd6 cxd6 18. dxe6 Ndxe6 19. Qxd6 Ne4 20. Nxe4 Bxe4 21. b3 Nc5 22. Rad1 Qb7 23. Ng5 Bxg2 24. Re7 Qc6 25. Rxg7+ Kxg7 26. Qe7+ Kg6 27. Rd6+ Qxd6 28. Qxd6+ Rf6 29. Qe7 Rh8 30. Kxg2 Ne4 31. Nh3 Rhf8 32. Nf4+ Kh6 33. f3 R8f7 34. Qe5 Nc5 35. Nd5 Re6 36. Qf4+ Kg7 37. b4 Nd7 38. h5 h6 39. Kh3 Kf8 40. a4 Ne5 41. c5 bxc5 42. bxc5 Nd3 43. Qb8+ Kg7 44. Qb5 Nf2+ 45. Kg2 Nd1 46. Nf4 Ne3+ 47. Kh3 Re5 48. Qb2 Nc4 49. Qd4 Re7 50. Qxc4 Re1 51. Qc3+ Kf8 52. Ng6+ Kf7 53. Nxe7 Rxe7 54. c6 f4 55. Qc4+ Kg7 56. Qxf4 a5 57. c7 Rf7 58. Qxf7+ Kh8 59. c8=Q# 1-0


[Site "https://www.chess.com"]

[Event "Titled Tuesday Blitz April 26 Early 2022"]
[White "Samunenkov, Ihor"]
[Black "Ianov, Viktor"]
[WhiteFideId "14187086"]
[BlackFideId "14102730"]
[WhiteElo "2727"]
[BlackElo "2483"]
[Result "1-0"]
[Round "06"]
[TimeControl "180+1"]
[Date "2022.04.26"]
[WhiteClock "0:00:05"]
[BlackClock "0:00:31"]

1. e4 d6 2. d4 Nf6 3. Nc3 c6 4. f4 Qb6 5. Nf3 Bg4 6. Be2 Bxf3 7. Bxf3 e5 8. Ne2 Nbd7 9. c3 Be7 10. O-O O-O 11. Qc2 c5 12. Be3 Rac8 13. Qd2 Qc7 14. Rac1 Rfe8 15. g4 Nb6 16. b3 exf4 17. Nxf4 Bf8 18. Qg2 Nbd5 19. Nxd5 Nxd5 20. Bd2 Nb6 21. g5 g6 22. Bg4 Rcd8 23. Rf4 Bg7 24. Be3 Qe7 25. Rcf1 Rf8 26. Qg3 Rde8 27. R1f3 cxd4 28. cxd4 d5 29. e5 Qc7 30. e6 Re7 31. Rxf7 Qxg3+ 32. hxg3 Rfxf7 33. exf7+ Kf8 34. Kf2 Rxf7 35. Rxf7+ Kxf7 36. a4 a5 37. Ke2 Ke7 38. Kd3 Nd7 39. Bd2 b6 40. Bf4 Kd8 41. Bf3 Nf8 42. Bxd5 Kd7 43. Kc4 Ne6 44. Be5 Bxe5 45. Bxe6+ Kxe6 46. dxe5 Kxe5 47. Kb5 Kf5 48. Kxb6 Kxg5 49. Kxa5 h5 50. b4 Kg4 51. b5 Kxg3 52. b6 h4 53. b7 h3 54. b8=Q+ Kg2 55. Qb5 h2 56. Qg5+ Kf2 57. Qf4+ Kg2 58. Qg4+ Kf2 59. Qh3 Kg1 60. Qg3+ Kh1 61. Kb5 g5 62. a5 g4 63. Qe1+ Kg2 64. Qe2+ Kg1 65. Qxg4+ Kh1 66. Qh3 Kg1 67. Qxh2+ Kxh2 68. a6 1-0


[Site "https://www.chess.com"]

[Event "Titled Tuesday Blitz April 26 Early 2022"]
[White "Sanal, Vahap"]
[Black "Abarca Gonzalez, Nicolas"]
[WhiteFideId "6300545"]
[BlackFideId "3409422"]
[WhiteElo "2603"]
[BlackElo "2504"]
[Result "0-1"]
[Round "06"]
[TimeControl "180+1"]
[Date "2022.04.26"]
[WhiteClock "0:01:06"]
[BlackClock "0:00:26"]

1. Nf3 c5 2. e4 d6 3. d4 cxd4 4. Nxd4 Nf6 5. Nc3 g6 6. Be3 Bg7 7. f3 O-O 8. Qd2 Nc6 9. O-O-O Nxd4 10. Bxd4 Be6 11. g4 Qa5 12. a3 Rfc8 13. h4 Rab8 14. h5 b5 15. hxg6 fxg6 16. Qg5 Bf7 17. e5 b4 18. axb4 Rxb4 19. Qe3 dxe5 20. Qxe5 Qa1+ 21. Kd2 Qxb2 22. Rb1 Qxb1 23. Nxb1 Ne4+ 24. Qxe4 Rxd4+ 25. Qxd4 Bxd4 26. Bd3 a5 27. Na3 Bb2 28. Nb5 a4 29. c3 a3 30. Kc2 Be8 31. f4 Bxb5 32. Bxb5 Rxc3+ 33. Kb1 Kg7 34. f5 Rb3 35. Bd7 Bf6+ 36. Ka2 Rd3 37. Be6 Rg3 38. fxg6 hxg6 39. Rd1 Be5 40. Rf1 Bd6 41. Rf2 Kh6 42. Rh2+ Kg5 43. Re2 Kf4 44. Rc2 Re3 45. Bd7 e5 46. Rc6 Rd3 47. Rc4+ Rd4 48. Rc1 e4 49. Rf1+ Kg3 50. Rf6 g5 51. Rg6 e3 52. Re6 Kf2 53. Bb5 Rd2+ 54. Kb1 Rb2+ 0-1


[Site "https://www.chess.com"]

[Event "Titled Tuesday Blitz April 26 Early 2022"]
[White "Sarana, Alexey"]
[Black "Janaszak, Dawid"]
[WhiteFideId "24133795"]
[BlackFideId "1119206"]
[WhiteElo "2666"]
[BlackElo "2199"]
[Result "1-0"]
[Round "06"]
[TimeControl "180+1"]
[Date "2022.04.26"]
[WhiteClock "0:02:44"]
[BlackClock "0:00:09"]

1. d4 Nf6 2. c4 g6 3. Nc3 Bg7 4. e4 d6 5. Be2 O-O 6. Be3 c5 7. d5 e6 8. Nf3 exd5 9. cxd5 Re8 10. Nd2 b6 11. O-O Ba6 12. h3 Bxe2 13. Qxe2 a6 14. a4 Nbd7 15. Bf4 Qc7 16. Nc4 Ne5 17. Bxe5 dxe5 18. Rfd1 Rab8 19. d6 Qc6 20. Nd5 Nxd5 21. Rxd5 b5 22. Ne3 Red8 23. Rad1 c4 24. d7 Bf8 25. Ng4 f6 26. Qf3 Be7 27. Rd6 Bxd6 28. Qxf6 h5 29. Qxg6+ Kh8 30. Nf6 Rxd7 31. Qh6+ 1-0


[Site "https://www.chess.com"]

[Event "Titled Tuesday Blitz April 26 Early 2022"]
[White "Sargissyan, Sargis"]
[Black "Seifert, Henryk"]
[WhiteFideId "13303210"]
[BlackFideId "1100963"]
[WhiteElo "2174"]
[BlackElo "2120"]
[Result "1-0"]
[Round "06"]
[TimeControl "180+1"]
[Date "2022.04.26"]
[WhiteClock "0:00:01"]
[BlackClock "0:00:03"]

1. c4 c6 2. b3 d5 3. Bb2 Bf5 4. Nf3 e6 5. g3 Nd7 6. Bg2 Ngf6 7. O-O h6 8. d4 Be7 9. Nbd2 Ne4 10. Ne5 Nxd2 11. Qxd2 Nxe5 12. dxe5 dxc4 13. Qc3 cxb3 14. e4 Bg4 15. f3 Qb6+ 16. Kh1 Bh5 17. axb3 O-O 18. g4 Bg6 19. f4 f5 20. exf6 Bxf6 21. e5 Be7 22. Qc4 Bf7 23. Qc2 Rad8 24. f5 exf5 25. gxf5 Qxb3 26. Qf2 Bc5 27. Qxc5 Qxb2 28. e6 Rd2 29. exf7+ Rxf7 30. Rab1 Qa2 31. Ra1 Qb2 32. Rg1 Rc2 33. Qa5 b6 34. Qe1 Kh7 35. Qe6 Rf6 36. Qe8 Rf2 37. h3 c5 38. Rae1 c4 39. Re7 R6xf5 40. Qd7 Rg5 41. Rf7 Rfxg2 42. Rxg7+ 1-0


[Site "https://www.chess.com"]

[Event "Titled Tuesday Blitz April 26 Early 2022"]
[White "Sarkar, Justin"]
[Black "Unver, Cumali"]
[WhiteFideId "2010011"]
[BlackFideId "6304940"]
[WhiteElo "2038"]
[BlackElo "2013"]
[Result "1-0"]
[Round "06"]
[TimeControl "180+1"]
[Date "2022.04.26"]
[WhiteClock "0:01:44"]
[BlackClock "0:01:28"]

1. e4 e5 2. Nc3 Nf6 3. Bc4 Nc6 4. d3 Na5 5. Nge2 Nxc4 6. dxc4 Be7 7. O-O d6 8. Qd3 c6 9. a4 a5 10. b3 O-O 11. Ba3 Qc7 12. Rad1 Rd8 13. Ng3 g6 14. Bc1 Be6 15. Bg5 Rd7 16. Nf5 Qd8 17. Nxe7+ Qxe7 18. f4 h6 19. Bxf6 Qxf6 20. f5 1-0


[Site "https://www.chess.com"]

[Event "Titled Tuesday Blitz April 26 Early 2022"]
[White "Seemann, Jakub"]
[Black "Silvestre, Christian"]
[WhiteFideId "21874697"]
[BlackFideId "30956269"]
[WhiteElo "2636"]
[BlackElo "2335"]
[Result "1-0"]
[Round "06"]
[TimeControl "180+1"]
[Date "2022.04.26"]
[WhiteClock "0:01:42"]
[BlackClock "0:00:01"]

1. Nf3 Nf6 2. b3 g6 3. Bb2 Bg7 4. e3 O-O 5. Be2 d5 6. O-O a5 7. a3 c6 8. c4 Qb6 9. d3 Rd8 10. Nbd2 Na6 11. Qc2 Bf5 12. Ne5 Qc7 13. Ndf3 dxc4 14. bxc4 Nc5 15. Rfd1 a4 16. h3 Nb3 17. Rab1 Rac8 18. e4 Bd7 19. d4 Be8 20. c5 Nd7 21. Nc4 b5 22. cxb6 Nxb6 23. Nxb6 Qxb6 24. Bc4 c5 25. d5 Bb5 26. Bxg7 Bxc4 27. Bh6 Ba6 28. Qc3 f6 29. e5 c4 30. d6 Kf7 31. dxe7 Rxd1+ 32. Rxd1 Kxe7 33. exf6+ Kf7 34. Ng5+ Kg8 35. f7# 1-0


[Site "https://www.chess.com"]

[Event "Titled Tuesday Blitz April 26 Early 2022"]
[White "Shankland, Sam"]
[Black "Maghsoodloo, Parham"]
[WhiteFideId "2004887"]
[BlackFideId "12539929"]
[WhiteElo "2618"]
[BlackElo "2630"]
[Result "1-0"]
[Round "06"]
[TimeControl "180+1"]
[Date "2022.04.26"]
[WhiteClock "0:01:35"]
[BlackClock "0:00:01"]

1. d4 Nf6 2. c4 g6 3. Nc3 d5 4. Nf3 Bg7 5. Qb3 dxc4 6. Qxc4 O-O 7. e4 a6 8. Be2 b5 9. Qb3 Bb7 10. e5 Nd5 11. O-O c5 12. dxc5 e6 13. Bg5 Qc7 14. Nxd5 Bxd5 15. Qe3 Nd7 16. Be7 Nxe5 17. Bd6 Nxf3+ 18. Bxf3 Qc6 19. Bxd5 exd5 20. Bxf8 Rxf8 21. Rad1 d4 22. Rxd4 Bxd4 23. Qxd4 Re8 24. Rd1 Re2 25. h3 a5 26. b3 Rc2 27. Qe5 Qc8 28. Rd5 h5 29. Qd4 Rc1+ 30. Kh2 Qc7+ 31. f4 Kh7 32. Rd8 f6 33. Qxf6 Qg7 34. Qd6 1-0


[Site "https://www.chess.com"]